 Dungeon Crawl Stone Soup version 0.29-a0-338-g1ff7896281 (webtiles) character file.

Game seed: 11514774442445987274

4823 Agony the Basher (level 10, -6/91 HPs)
             Began as a Minotaur Fighter on Apr 19, 2022.
             Was an Initiate of Yredelemnul.
             Mangled by a spriggan
             ... wielding a +0 trident
              (18 damage)
             ... in a bailey.
             The game lasted 00:31:28 (9745 turns).

Agony the Basher (Minotaur Fighter)                 Turns: 9745, Time: 00:31:33

Health: -6/91      AC:  9    Str: 24    XL:     10   Next: 25%
Magic:  9/9        EV: 11    Int:  5    God:    Yredelemnul [......]
Gold:   541        SH: 15    Dex: 11    Spells: 9/9 levels left

rFire   . . .      SeeInvis +   m - +6 mace
rCold   . . .      Faith    .   i - +0 tower shield
rNeg    . . .      Spirit   .   D - +0 scale mail
rPois   .          Reflect  .   (helmet restricted)
rElec   .          Harm     .   (no cloak)
rCorr   .          Rampage  .   C - +0 pair of gloves
Will    .....                   (no boots)
Stlth   ..........              (no amulet)
HPRegen 0.25/turn               j - ring of see invisible
MPRegen 0.11/turn               q - +4 ring of evasion

@: mighty, lethally poisoned (-6 -> -24), about to teleport, invisible
A: horns 2, retaliatory headbutt
a: Renounce Religion, Recall Undead Harvest


You were in a bailey.
You worshipped Yredelemnul.
Yredelemnul was noncommittal.
You visited 2 branches of the dungeon, and saw 10 of its levels.
You also visited: Sewer and Bailey.

You collected 541 gold pieces.

Inventory:

Hand Weapons
 m - a +6 mace (weapon)
Missiles
 B - 4 curare-tipped darts (quivered)
Armour
 i - a +0 tower shield (worn)
 x - an orb of mayhem
 C - a +0 pair of gloves (worn)
 D - a +0 scale mail (worn)
Jewellery
 j - a ring of see invisible (left hand)
 q - a +4 ring of evasion (right hand)
 u - a +6 ring of dexterity
Wands
 o - a wand of flame (30)
 p - a wand of iceblast (16)
 v - a wand of digging (8)
 A - a wand of charming (11)
 E - a wand of paralysis (7)
 G - a wand of polymorph (8)
 H - a wand of mindburst (22)
Scrolls
 b - a scroll of magic mapping
 c - 2 scrolls of fear
 f - 4 scrolls of enchant weapon
 g - 2 scrolls of enchant armour
 s - 2 scrolls of silence
 w - a scroll of holy word
 y - 2 scrolls of blinking
 F - a scroll of identify
Potions
 a - 6 potions of curing
 d - a potion of might
 h - 2 potions of flight
 k - 3 potions of magic
 l - a potion of attraction
 n - 3 potions of heal wounds
 r - a potion of mutation
 t - a potion of brilliance
 I - a potion of haste


   Skills:
 + Level 9.0 Fighting
 - Level 3.3 Long Blades
 * Level 11.1 Maces & Flails
 + Level 8.9 Armour
 + Level 8.8 Shields


You had 9 spell levels left.
You didn't know any spells.
Your spell library contained the following spells:

 Spells                   Type           Power      Damage    Failure   Level
 Call Canine Familiar     Summ           0%         N/A       100%        3
 Portal Projectile        Hex/Tloc       0%         N/A       100%        3
 Leda's Liquefaction      Hex/Erth       0%         N/A       100%        4


Dungeon Overview and Level Annotations

Branches:
Dungeon (9/15)             Temple (1/1) D:4           Sewer (visited)
 Bailey (1/1)
   Lair: D:8-11         Orc: D:9-12

Altars:
Ashenzari
Cheibriados
Dithmenos
Elyvilon
Fedhas
Hepliaklqana
Makhleb
Nemelex Xobeh
Okawaru
Qazlal
Ru
Sif Muna
Vehumet
Wu Jian
Xom
Yredelemnul
Zin
The Shining One

Shops:
D:5 :

Annotations:
D:2 1 runed translucent door, Crazy Yiuf


Innate Abilities, Weirdness & Mutations

You have a pair of horns on your head.
You reflexively headbutt those who attack you in melee.


Message History

The gnoll hits your ogre zombie with a +0 club!
The gnoll hits your ogre zombie with a +0 flail!
Your ogre zombie is destroyed!
A spriggan comes into view. It is wielding a +0 spear.
Your ogre zombie closely misses the gnoll.
The gnoll shouts!
You hit the spriggan but do no damage. Your headbutt misses the spriggan.
The spriggan is heavily wounded.
You feel sick. You block the spriggan's attack. x2
The gnoll hits your ogre zombie with a +0 flail!
The gnoll barely misses you.
You barely miss the gnoll.
You feel sick.
The spriggan splashes around in the water.
You block the spriggan's attack. You block the gnoll's attack.
The gnoll misses you.
The gnoll completely misses your ogre zombie.
The gnoll hits your ogre zombie with a +0 flail!
Your ogre zombie is destroyed!
The gnoll barely misses you. The spriggan barely misses you.
The spriggan hits you from afar with a +0 trident.
You feel very mighty all of a sudden.
You feel sick. The gnoll barely misses you. You block the gnoll's attack.
You block the spriggan's attack. The gnoll hits you with a +0 spear.
The spriggan hits you from afar with a +0 trident.
The spriggan hits you with a +4 demon trident of venom!
* * * LOW HITPOINT WARNING * * *
You are more poisoned.
As you read the scroll of teleportation, it crumbles to dust.
You feel strangely unstable.
* * * LOW HITPOINT WARNING * * *
You feel very sick. You block the gnoll's attack.
The gnoll hits you with a +0 flail.
* * * LOW HITPOINT WARNING * * *
The spriggan splashes around in the water.
The ogre hits you from afar with a +0 halberd!
* * * LOW HITPOINT WARNING * * *
The spriggan misses you.
The spriggan hits you from afar with a +0 trident!!
You die...
Your body rises from the dead as a mindless zombie.

#########
##.Og@gg.##
#...igg...##
#....≈ii....##
#..####≈####..##
.. .... ♣#.)## .
..♣♣♣♣ ##..# ..
♣..# . #..# #..#


You could see an ogre (can't see you), 3 spriggans and 5 gnolls.

Vanquished Creatures
  Maggie (D:6)
  A troll (D:9)
  Sigmund (D:6)
  3 yaks (D:8)
  A steam dragon (D:6)
  2 water moccasins
  An orc warrior (D:8)
  2 sky beasts
  A black bear (D:5)
  An ice beast (D:6)
  5 ogres
  A bullfrog (D:6)
  A necrophage (D:7)
  2 scorpions
  3 killer bees (D:7)
  2 howler monkeys (D:7)
  2 jellies
  4 hounds
  An orc priest (D:4)
  A gnoll shaman (D:8)
  Ijyb (D:3)
  4 iguanas (D:6)
  4 orc wizards
  8 adders
  4 gnolls
  2 white imps
  2 ufetubi
  3 worms
  15 orcs
  4 endoplasms
  A giant cockroach (D:1)
  3 goblins
  7 hobgoblins
  12 jackals
  9 kobolds
  2 quokkas
  9 ball pythons
  3 bats
  4 frilled lizards
  6 rats
139 creatures vanquished.

Vanquished Creatures (collateral kills)
  The ghost of P0WERM0DE the Covert, a novice OpCj of Sif Muna (D:8)
  A slime creature (D:8)
  2 vampire mosquitoes (D:7)
  An orc warrior (D:8)
  A centaur (D:8)
  A bullfrog (D:8)
  3 killer bees (D:7)
  A jelly (D:8)
  An orc priest (D:7)
  An iguana (D:7)
  An orc wizard (D:6)
  7 orcs
  2 goblins (D:5)
  A kobold (D:7)
24 creatures vanquished.

Vanquished Creatures (others)
  A bullfrog zombie (D:6)
  A scorpion zombie (D:7)
  2 ogre zombies (Bailey)
  A hound zombie (D:7)
  A howler monkey zombie (D:7)
  2 gnoll zombies (D:8)
  A human zombie (D:6)
  A kobold zombie (D:7)
  9 orc zombies
  2 spectral ufetubi
21 creatures vanquished.

Grand Total: 184 creatures vanquished

Notes
Turn   | Place    | Note
-------+----------+-------------------------------------------
     0 | D:1      | Agony the Minotaur Fighter began the quest for the Orb.
     0 | D:1      | Reached XP level 1. HP: 19/19 MP: 0/0
   160 | D:1      | Found a faded altar of an unknown god.
   239 | D:1      | Reached XP level 2. HP: 26/27 MP: 1/1
  1236 | D:2      | Reached XP level 3. HP: 21/33 MP: 2/2
  1509 | D:2      | Found a runed translucent door.
  1510 | D:2      | Noticed Crazy Yiuf
  1720 | D:2      | Reached skill level 1 in Maces & Flails
  2265 | D:3      | Reached XP level 4. HP: 40/40 MP: 3/3
  2395 | D:3      | Noticed Ijyb
  2401 | D:3      | Killed Ijyb
  2402 | D:3      | Reached skill level 2 in Maces & Flails
  3083 | D:4      | Noticed a sky beast
  3091 | D:4      | Killed a sky beast
  3092 | D:4      | Reached skill level 3 in Maces & Flails
  3092 | D:4      | Reached XP level 5. HP: 29/47 MP: 4/4
  3145 | D:4      | Found a glowing drain.
  3150 | Sewer    | Entered a sewer
  3255 | Sewer    | Noticed a water moccasin
  3263 | Sewer    | Killed a water moccasin
  3264 | Sewer    | Reached skill level 5 in Fighting
  3264 | Sewer    | Reached skill level 4 in Maces & Flails
  3264 | Sewer    | Reached skill level 5 in Armour
  3264 | Sewer    | Reached XP level 6. HP: 40/56 MP: 5/5
  3467 | D:4      | Noticed a water moccasin
  3477 | D:4      | Killed a water moccasin
  3478 | D:4      | Reached skill level 5 in Shields
  3696 | D:4      | Reached XP level 7. HP: 61/61 MP: 6/6
  3702 | D:4      | Reached skill level 5 in Maces & Flails
  3996 | D:4      | Found a staircase to the Ecumenical Temple.
  4002 | Temple   | Entered the Ecumenical Temple
  4210 | Temple   | Became a worshipper of Yredelemnul the Dark
  4265 | D:5      | Entered Level 5 of the Dungeon
  4267 | D:5      | Found Kouloor's Book Shop.
  4347 | D:5      | Reached * piety under Yredelemnul
  4466 | D:5      | Found a sparkling altar of Nemelex Xobeh.
  4868 | D:5      | Reached skill level 6 in Maces & Flails
  4989 | D:5      | Found an iron altar of Okawaru.
  5038 | D:5      | Reached ** piety under Yredelemnul
  5079 | D:5      | Found a stormy altar of Qazlal.
  5099 | D:5      | Reached XP level 8. HP: 51/70 MP: 7/7
  5314 | D:6      | Reached skill level 7 in Maces & Flails
  5515 | D:6      | Noticed Sigmund
  5522 | D:6      | Killed Sigmund
  5603 | D:6      | Your ally Sigmund died
  6031 | D:6      | Noticed Maggie
  6051 | D:6      | Killed Maggie
  6052 | D:6      | Reached skill level 8 in Maces & Flails
  6699 | D:6      | Found a hazy altar of Hepliaklqana.
  7014 | D:6      | Reached XP level 9. HP: 73/79 MP: 8/8
  7105 | D:7      | Found a glowing golden altar of the Shining One.
  7887 | D:7      | Found a radiant altar of Vehumet.
  7917 | D:7      | Reached skill level 9 in Maces & Flails
  8405 | D:7      | Found a shimmering altar of Xom.
  8629 | D:8      | Reached skill level 10 in Maces & Flails
  8812 | D:8      | Reached *** piety under Yredelemnul
  9032 | D:8      | Found a runed translucent gate.
  9032 | D:8      | Found a runed translucent gate.
  9032 | D:8      | Noticed P0WERM0DE's ghost (novice OpCj)
  9033 | D:8      | Found a runed translucent gate.
  9159 | D:8      | Reached XP level 10. HP: 54/90 MP: 9/9
  9179 | D:8      | Killed P0WERM0DE's ghost
  9603 | D:9      | Reached skill level 11 in Maces & Flails
  9651 | D:9      | Found a flagged portal.
  9663 | Bailey   | Entered a bailey
  9745 | Bailey   | Mangled by a spriggan

Illustrated notes

Levels and vault maps discovered:
D:1:      heliophobic_arrival_dark_side_of_the_moon, layout_basic,
          hellmonk_ecumenical_altar_blasted, serial_park_tiny_1
D:2:      layout_basic, minmay_misc_feat_square, uniq_crazy_yiuf_cottage
D:3:      layout_loops_ring, nicolae_elevator_lobby_plus, uniq_ijyb
D:4:      layout_cave_pools, minmay_temple_entry_fiery, portal_sewer_entry_e
D:5:      layout_gridville, mainiacjoe_overflow_alcove_4,
          kennysheep_okawaru_gauntlet, lemuel_tele_altar, serial_rivers,
          chequers_serial_rivers_micro_c, chequers_serial_rivers_marsh,
          chequers_serial_rivers_micro_d, chequers_serial_rivers_micro_e,
          chequers_serial_rivers_marsh, chequers_serial_rivers_small_a,
          serial_shops, shop_statue
D:6:      layout_layer_cave, nicolae_hepliaklqana_hippocampus, uniq_sigmund,
          uniq_maggie
D:7:      layout_basic, amcnicky_altar_gilded, kennysheep_mini,
          vehumet_altar_wand_db
D:8:      nicolae_cairo_tiling_large_dashed, layout_loops_ring,
          gammafunk_ghost_split
D:9:      layout_basic, chequers_temple_overflow_minitemple, enter_bailey_2
Temple:   minmay_temple_curvy_loop
Bailey:   bailey_polearm_enchanted_keep_hellmonk, bailey

Skill      XL: |  1  2  3  4  5  6  7  8  9 10 |
---------------+-------------------------------+-----
Long Blades    | 3 |  3.3
Shields        | 4 5 6 7 8 |  8.8
Fighting       | 4 5 6 7 8 9 |  9.0
Armour         | 4 5 6 7 8 |  8.9
Maces & Flails | 1 3 4 6 8 10 11 | 11.1

Action                   |  1- 3 |  4- 6 |  7- 9 | 10-12 || total
-------------------------+-------+-------+-------+-------++-------
Melee: Long sword        |    58 |       |       |       ||    58
       Headbutt          |     7 |     5 |    37 |     4 ||    53
       Mace              |    34 |    61 |   209 |    31 ||   335
Throw: Dart              |       |       |       |     2 ||     2
  Use: Scroll            |    11 |     1 |     6 |     1 ||    19
       Potion            |       |       |     1 |     2 ||     3
 Stab: Distracted        |       |       |     1 |       ||     1
Armor: Scale mail        |    27 |    17 |    64 |     4 ||   112
Dodge: Dodged            |    43 |    34 |   109 |    19 ||   205
Block: Buckler           |    14 |    14 |    37 |       ||    65
       Tower shield      |       |       |    87 |    36 ||   123

Table legend: (Time is in decaauts)
 A = Elapsed time spent in this place.
 B = Non-inter-level travel time spent in this place.
 C = Inter-level travel time spent in this place.
 D = Time resting spent in this place.
 E = Time spent auto-exploring this place.
 F = Levels seen in this place.
 G = Mean time per level.
                   A        B        C        D        E       F      G
               +--------+--------+--------+--------+--------+-----+--------+
         Total |   9854 |   9132 |    722 |   1467 |   5681 |  12 |  821.2 |
       Dungeon |   9240 |   8550 |    690 |   1324 |   5497 |   9 | 1026.7 |
        Temple |    244 |    212 |     32 |      0 |    184 |   1 |  244.0 |
         Sewer |    279 |    279 |      0 |    143 |      0 |   1 |  279.0 |
        Bailey |     89 |     89 |      0 |      0 |      0 |   1 |   89.0 |
               +--------+--------+--------+--------+--------+-----+--------+

Top non-repeatable levels by time:
     D:6: 2315 daAuts
     D:1: 1190 daAuts
     D:8: 1048 daAuts
     D:5: 1041 daAuts
     D:2: 987 daAuts
     D:3: 927 daAuts
     D:7: 924 daAuts
     D:4: 694 daAuts
   Sewer: 279 daAuts
  Temple: 244 daAuts
     D:9: 109 daAuts
  Bailey: 89 daAuts
